 Dungeon Crawl Stone Soup version 0.26-a0-61-g6c07f0ee8d (webtiles) character file.

Game seed: 2456377697961464713

79 Forecaster the Magician (level 4, -1/36 HPs)
             Began as a Naga Wizard on June 9, 2020.
             Slain by a worm (4 damage)
             ... on level 2 of the Dungeon.
             The game lasted 00:10:03 (2354 turns).

Forecaster the Magician (Naga Wizard)               Turns: 2354, Time: 00:10:03

Health: -1/36      AC:  6    Str:  9    XL:     4   Next: 38%
Magic:  1/9        EV:  9    Int: 18    God:
Gold:   53         SH:  0    Dex: 11    Spells: 5/10 levels left

rFire    . . .     SeeInvis +   h - +0 short sword
rCold    . . .     Gourm    .   (no shield)
rNeg     . . .     Faith    .   g - +0 leather armour
rPois    +         Spirit   .   b - +0 hat
rElec    .         Reflect  .   (no cloak)
rCorr    .         Harm     .   (no gloves)
MR       .....                  (no barding)
Stlth    ++........             (no amulet)
HPRegen  0.12/turn              e - +4 ring of protection
MPRegen  0.11/turn              (no ring)

@: very slow
A: large, see invisible, deformed body, poison resistance, slowness 2, slow
metabolism 1, spit poison 1, AC +1
a: Spit Poison


You were on level 2 of the Dungeon.
You were hungry.

You visited 1 branch of the dungeon, and saw 2 of its levels.

You collected 53 gold pieces.

Inventory:

Hand Weapons
 h - a +0 short sword (weapon)
 s - a +0 hunting sling
 u - a +0 spear
Missiles
 t - 14 arrows
Armour
 a - a +0 robe
 b - a +0 hat (worn)
 g - a +0 leather armour (worn)
 x - a +0 robe
Jewellery
 e - a +4 ring of protection (left hand)
Scrolls
 j - 4 scrolls of identify {unknown}
 l - a scroll of fear {unknown}
 o - a scroll of remove curse {unknown}
 r - a scroll of magic mapping {unknown}
Potions
 c - 2 potions of flight {unknown}
 f - 2 potions of cancellation {unknown}
 i - a potion of might {unknown}
 k - 3 potions of heal wounds {unknown}
 p - a potion of stabbing {unknown}
 v - a potion of haste {unknown}
Comestibles
 d - 6 rations


   Skills:
 + Level 2.1 Dodging
 + Level 3.1 Stealth
 + Level 0.3 Unarmed Combat
 + Level 3.9 Spellcasting
 + Level 1.8 Conjurations
 + Level 1.3 Summonings
 + Level 1.0 Translocations


You had 5 spell levels left.
You knew the following spells:

 Your Spells              Type           Power        Failure   Level  Hunger
a - Magic Dart            Conj           ##..         10%         1    None
b - Call Imp              Summ           #.......     19%         2    ##.....
c - Blink                 Tloc           N/A          22%         2    ##.....

Your spell library contained the following spells:

 Spells                   Type           Power        Failure   Level  Hunger
 Slow                     Hex            #.......     32%         2    ##.....
 Conjure Flame            Conj/Fire      #.......     38%         3    ###....
 Mephitic Cloud           Conj/Pois/Air  #.......     43%         3    ###....


Dungeon Overview and Level Annotations

Branches:
Dungeon (2/15)

Altars:


Innate Abilities, Weirdness & Mutations

You cannot wear boots.
Your serpentine skin is tough. (AC +1)
You have supernaturally acute eyesight. (SInv)
Armour fits poorly on your strangely shaped body.
Your system is resistant to poisons. (rPois)
You cover ground very slowly.
You have a slow metabolism.
You can spit poison.


Message History

The worm is heavily wounded.
The worm bites you!
* * * LOW HITPOINT WARNING * * *
Casting: Call Imp (safe; 19% risk of failure)
Confirm with . or Enter, or press ? or * to list all spells.
You blink.
A frilled lizard comes into view.
The frilled lizard hisses angrily.
Tossing away (i - inventory)
w - a dagger (quivered)
Press: ? - help, Shift-Dir - straight line, f - worm
Aim: a worm (heavily wounded)
You toss away a dagger.
The dagger hits the worm but does no damage.
The worm is heavily wounded.
You hit the worm but do no damage.
The worm is moderately wounded.
You hit the worm.
The worm is heavily wounded.
The worm bites you.
You die...

#...## #. #..# #....# #.
#..# #....# #..#..#
########....# .###..#..#
#.....##....##
......#..####.....#......#
.).......................'
.........................#
#..l.@..######........
#...(w..# #........
#######.)...(.# #........
..............# #..###...
#######.))....# ##.###...
#.####### ###..##'##
####'#### #####........#
#.......# #............#
##.......# #.##.........#


You could see a worm and a frilled lizard.

Vanquished Creatures
  2 adders (D:2)
  An ooze (D:1)
  2 worms (D:2)
  A dart slug (D:2)
  A ball python (D:1)
  3 goblins (D:1)
  A hobgoblin (D:2)
  A quokka (D:2)
  2 bats (D:2)
  3 frilled lizards
  6 kobolds
  2 rats
25 creatures vanquished.

Vanquished Creatures (collateral kills)
  A jelly (D:2)
  A worm (D:2)
  2 dart slugs (D:1)
  4 hobgoblins
  3 kobolds
  2 bats (D:1)
  A rat (D:2)
14 creatures vanquished.

Grand Total: 39 creatures vanquished

Notes
Turn   | Place    | Note
-------+----------+-------------------------------------------
     0 | D:1      | Forecaster the Naga Wizard began the quest for the Orb.
     0 | D:1      | Reached XP level 1. HP: 15/15 MP: 4/4
   446 | D:1      | Reached XP level 2. HP: 22/22 MP: 3/6
   450 | D:1      | Learned a level 2 spell: Call Imp
   453 | D:1      | Learned a level 2 spell: Blink
  1032 | D:1      | Reached XP level 3. HP: 28/28 MP: 0/8
  2034 | D:2      | Reached XP level 4. HP: 34/36 MP: 3/9
  2354 | D:2      | Slain by a worm

Illustrated notes

Levels and vault maps discovered:
D:1:      sevenhm_arrival_forest_fort_large_2, layout_basic,
          minmay_indecisive_spiral
D:2:      layout_basic, chequers_temple_overflow_statue_of_worship

Skill      XL: |  1  2  3 |
---------------+----------+-----
Dodging        | 2 |  2.1
Stealth        | |  3.1
Unarmed Combat | |  0.3
Spellcasting   | |  3.9
Conjurations   | |  1.8
Summonings     | |  1.3
Translocations | |  1.0

Action                   |  1- 3 |  4- 6 || total
-------------------------+-------+-------++-------
Melee: Unarmed           |    12 |       ||    12
       Short sword       |    38 |    18 ||    56
 Cast: Magic Dart        |    51 |     8 ||    59
       Call Imp          |    14 |     4 ||    18
       Blink             |       |     2 ||     2
  Eat: Chunk             |     3 |       ||     3
Armor: Robe              |     5 |       ||     5
       Leather armour    |     9 |     5 ||    14
Dodge: Dodged            |    25 |    10 ||    35

Table legend:
 A = Non-vault XP
 B = Vault XP
 C = Vault XP percentage of total XP
 D = Non-vault monster count
 E = Vault monster count
 F = Vault count percentage of total count
                 A         B        C        D         E       F
            +---------+---------+-------+---------+---------+-------
      Total |     109 |       5 |   4.4 |      35 |       4 |  10.3
            +---------+---------+-------+---------+---------+-------
        D:1 |      29 |       5 |  14.7 |      15 |       4 |  21.1
        D:2 |      80 |       0 |   0.0 |      20 |       0 |   0.0
            +---------+---------+-------+---------+---------+-------
